Admirals NSH vs Pirates

Created - Friday, February 12, 2016 at 03:41

Goals
1 2 3 T
Admirals NSH 1 3 2 6
Pirates 0 1 0 1
Shots
1 2 3 T
Admirals NSH 5 6 18 29
Pirates 5 17 5 27

1st period

1. Admirals NSH , Victor Bartley 14 (Andrew Desjardins) at 0:04

Penalties :
Frazer McLaren (MIL) for Hooking (Minor) at 5:28, Brad Winchester (MIL) for Cross-checking (Minor) at 6:04, Pierre-Cedric Labrie (MIL) for Hooking (Minor) at 13:42, John Persson (POR) for Fighting (Major) at 17:29, Brad Winchester (MIL) for Fighting (Major) at 17:29

2nd period

2. Admirals NSH , Tim Gleason 6 (Andrew Desjardins) at 3:48 (SH)
3. Admirals NSH , Brody Sutter 7 (Tim Gleason, Eric Faille) at 11:06
4. Pirates , Anthony Duclair 11 (Will O'Neill) at 12:28
5. Admirals NSH , Nikita Nesterov 24 (Andrew Desjardins, Victor Bartley) at 13:30 (SH)

Penalties :
Pierre-Cedric Labrie (MIL) for Hooking (Minor) at 2:46, Frazer McLaren (MIL) for Holding (Minor) at 7:38, Frazer McLaren (MIL) for Slashing (Minor) at 12:39, Pierre-Cedric Labrie (MIL) for Hooking (Minor) at 16:02

3rd period

6. Admirals NSH , Tim Gleason 7 (Brody Sutter, Victor Bartley) at 6:06 (PP)
7. Admirals NSH , Victor Bartley 15 (Tim Gleason, Eric Faille) at 9:51 (PP)

Penalties :
Kerby Rychel (POR) for Hooking (Minor) at 5:48, Johan Sundstrom (POR) for Fighting (Major) at 6:35, Pierre-Cedric Labrie (MIL) for Fighting (Major) at 6:35, Michael Pelech (MIL) for Hooking (Minor) at 7:09, C.J. Ludwig (POR) for Cross-checking (Minor) at 9:33, Keith Aulie (POR) for Fighting (Major) at 10:11, Andrew Desjardins (MIL) for Fighting (Major) at 10:11, Henrik Samuelsson (POR) for Fighting (Major) at 12:48, Pierre-Cedric Labrie (MIL) for Fighting (Major) at 12:48, Henrik Samuelsson (POR) for instigated a fight (Minor) at 12:48, Henrik Samuelsson (POR) for instigated a fight (10 Minutes Misconduct) at 12:48, Frazer McLaren (MIL) for Tripping (Minor) at 18:56

Goalie Stats

Johan Gustafsson (MIL), 26 saves from 27 shots - (0.963), W, 13-3-8, 60:00 minutes
FARM GOALIE10 (POR), 2 saves from 3 shots - (0.667), 3:06 minutes
FARM GOALIE14 (POR), 21 saves from 26 shots - (0.808), L, 0-23-1, 56:54 minutes

Players Stats for Admirals NSH

Player Name              G  A  P  +/- PIM S  H  SB GA TA FO     MP     PP MP  PK MP  
------------------------------------------------------------------------------------
Allan McPherson          0  0  0  -1  0   0  2  0  1  0  2/6    15:57   0:00   5:02 
Andrew Desjardins        0  3  3   3  5   2  2  1  1  1  15/23  23:06   0:00   8:46 
Ben Sexton               0  0  0   1  0   0  0  1  1  0  0/2     9:01   1:30   0:00 
Brad Winchester          0  0  0   2  7   3  2  0  1  1  0/0    22:34   0:45   9:06 
Brian Lashoff            0  0  0   0  0   1  0  1  0  4  0/0    21:04   1:16   6:55 
Brody Sutter             1  1  2   1  0   2  0  1  0  1  4/11   20:07   1:50   3:46 
Cameron Schilling        0  0  0   0  0   0  0  1  0  0  0/0    11:35   0:00   0:00 
Eric Faille              0  2  2   1  0   0  0  0  0  0  0/1    15:30   1:50   0:00 
Frazer McLaren           0  0  0  -1  8   0  3  1  1  0  0/0    11:54   0:00   1:23 
Fredrik Claesson         0  0  0   0  0   1  1  1  0  0  0/0    11:35   0:00   0:00 
Jamie Wise               0  0  0   0  0   1  1  0  1  0  0/0     9:25   0:00   0:00 
Michael Pelech           0  0  0   1  2   1  1  0  0  0  0/0     8:53   0:45   0:00 
Nikita Nesterov          1  0  1   0  0   5  1  0  4  5  0/0    21:04   1:16   6:55 
Patrick Mullen           0  0  0   1  0   0  1  0  0  0  0/0     3:37   0:00   0:00 
Pierre-Cedric Labrie     0  0  0   0  16  1  1  0  0  0  1/1    15:07   0:18   1:37 
Tim Gleason              2  2  4   3  0   6  1  1  2  2  0/0    27:20   1:19   8:37 
Victor Bartley           2  2  4   2  0   6  1  1  1  3  0/0    23:43   1:19   8:37 
Wade Megan               0  0  0   0  0   0  1  0  0  0  1/5    11:15   0:47   0:00 

Players Stats for Pirates

Player Name              G  A  P  +/- PIM S  H  SB GA TA FO     MP     PP MP  PK MP  
------------------------------------------------------------------------------------
Anthony Duclair          1  0  1  -2  0   7  1  0  5  0  1/2    21:02   7:46   0:00 
C.J. Ludwig              0  0  0  -1  2   0  1  0  0  2  0/0    13:23   0:00   1:10 
Daniel Carcillo          0  0  0  -1  0   0  0  0  1  0  1/1    19:50   7:46   2:13 
Danny Kristo             0  0  0  -2  0   1  0  0  0  0  0/0    20:29   7:46   0:00 
FARM PLAYER11            0  0  0   0  0   0  0  0  0  0  0/0     4:37   0:00   0:22 
Henrik Samuelsson        0  0  0  -1  17  4  2  1  3  0  9/15   16:27   7:19   0:00 
Johan Sundstrom          0  0  0  -2  5   1  3  0  1  0  4/11   17:48   6:47   0:00 
John Persson             0  0  0   0  5   0  0  0  0  0  0/0     6:45   0:56   0:00 
Keith Aulie              0  0  0  -3  5   2  3  1  3  1  0/0    21:16   8:25   0:00 
Kerby Rychel             0  0  0   0  2   4  4  0  0  1  6/7    17:14   1:26   0:00 
Martin Frk               0  0  0   0  0   1  1  0  3  0  1/1    14:25   0:00   0:22 
Matt Puempel             0  0  0  -1  0   0  0  1  2  1  2/8    23:13   6:50   2:13 
Reid McNeill             0  0  0   1  0   1  4  1  1  0  0/0    20:27   7:07   1:25 
Ryan Potulny             0  0  0   0  0   1  1  0  0  0  2/4    12:33   0:00   0:00 
Sebastian Collberg       0  0  0   0  0   0  1  1  2  0  0/0     6:12   0:00   0:00 
Steve Spinell            0  0  0  -1  0   0  2  0  0  0  0/0    13:42   0:00   0:00 
Tim Erixon               0  0  0  -3  0   4  4  0  7  1  0/0    27:24   8:25   1:10 
Will O'Neill             0  1  1   1  0   1  1  2  0  0  0/0    20:27   7:07   1:25 

3 Stars

1 - Tim Gleason (MIL)
2 - Victor Bartley (MIL)
3 - Johan Gustafsson (MIL)

Power Play

Admirals NSH - 2 on 3 Attempt(s) - 66.67%
Pirates - 0 on 9 Attempt(s) - 0.00%

Penalty Kill

Admirals NSH - 9 on 9 Attempt(s) - 100.00% - Score 2 goal in Penalty Kill
Pirates - 1 on 3 Attempt(s) - 33.33% - Score 0 goal in Penalty Kill

Team Stat

Admirals NSH - Hits : 18 - Faceoff Wins : 23 - Blocked Shots : 9 - Penalty Minutes : 38
Pirates - Hits : 28 - Faceoff Wins : 26 - Blocked Shots : 7 - Penalty Minutes : 36

Official

Referees : Unknown
Linesman : Unknown

Game Notes

FARM GOALIE10 is injured at 3:06 of 1st period (Broken Bone (Right Leg))
FARM GOALIE14 enters game at 3:06 of 1st period
John Persson and Brad Winchester fight to a draw at 17:29 of 1st period
Pierre-Cedric Labrie beats up Johan Sundstrom at 6:35 of 3rd period
Andrew Desjardins beats up Keith Aulie at 10:11 of 3rd period
Henrik Samuelsson and Pierre-Cedric Labrie fight to a draw at 12:48 of 3rd period

Finance

Level 1 -- Attendance: 1631 (81.55%) -- Ticket Income $57,085
Level 2 -- Attendance: 755 (75.50%) -- Ticket Income $11,325
Total Attendance: 2386 (79.53%)
Total Ticket Income: $68,410
Other Income: $33,521
Total Income: $101,931

Admirals NSH

5 vs 5 Forward 
   Center                   Left Wing                Right Wing               Time % Phy DF OF 
 1 Andrew Desjardins        Brad Winchester          Michael Pelech           35     1   2  2  
 2 Brody Sutter             Pierre-Cedric Labrie     Eric Faille              30     1   2  2  
 3 Wade Megan               Jamie Wise               Andrew Desjardins        22     1   2  2  
 4 Allan McPherson          Frazer McLaren           Brad Winchester          13     1   2  2  

5 vs 5 Defense 
   Defense                  Defense                                           Time % Phy DF OF 
 1 Tim Gleason              Victor Bartley                                    35     1   2  2  
 2 Brian Lashoff            Nikita Nesterov                                   30     1   2  2  
 3 Fredrik Claesson         Cameron Schilling                                 22     1   2  2  
 4 Patrick Mullen           Tim Gleason                                       13     1   2  2  

PowerPlay Forward 
   Center                   Left Wing                Right Wing               Time % Phy DF OF 
 1 Andrew Desjardins        Brad Winchester          Michael Pelech           60     1   2  2  
 2 Brody Sutter             Pierre-Cedric Labrie     Eric Faille              40     1   2  2  

PowerPlay Defense
   Defense                  Defense                                           Time % Phy DF OF 
 1 Tim Gleason              Victor Bartley                                    60     1   2  2  
 2 Brian Lashoff            Nikita Nesterov                                   40     1   2  2  

Penalty Kill 4 Players Forward 
   Center                   Wing                     Time % Phy DF OF 
 1 Andrew Desjardins        Brad Winchester          60     1   2  2  
 2 Brody Sutter             Pierre-Cedric Labrie     40     1   2  2  

Penalty Kill 4 Players Defense
   Defense                  Defense                  Time % Phy DF OF 
 1 Tim Gleason              Victor Bartley           60     1   2  2  
 2 Brian Lashoff            Nikita Nesterov          40     1   2  2  

Penalty Kill - 3 Players Forward 
   Forward                                           Time % Phy DF OF 
 1 Andrew Desjardins                                 60     1   2  2  
 2 Brad Winchester                                   40     1   2  2  

Penalty Kill - 3 Players Defense
   Defense                  Defense                  Time % Phy DF OF 
 1 Tim Gleason              Victor Bartley           60     1   2  2  
 2 Brian Lashoff            Nikita Nesterov          40     1   2  2  

4 vs 4 Forward 
   Center                   Wing                     Time % Phy DF OF 
 1 Andrew Desjardins        Brad Winchester          60     1   2  2  
 2 Brody Sutter             Pierre-Cedric Labrie     40     1   2  2  

4 vs 4 Defense
   Defense                  Defense                  Time % Phy DF OF 
 1 Tim Gleason              Victor Bartley           60     1   2  2  
 2 Brian Lashoff            Nikita Nesterov          40     1   2  2  

Last Minutes Offensive
   Center                   Left Wing                Right Wing               Defense                  Defense                  
   Andrew Desjardins        Brad Winchester          Michael Pelech           Tim Gleason              Victor Bartley           

Last Minutes Defensive
   Center                   Left Wing                Right Wing               Defense                  Defense                  
   Andrew Desjardins        Brad Winchester          Michael Pelech           Tim Gleason              Victor Bartley           

Goaltenders
Starting : Johan Gustafsson         
Backup : FARM GOALIE11            

Extra Forwards
Normal : Ben Sexton, Wade Megan, Allan McPherson - PP : Ben Sexton, Wade Megan - PK : Allan McPherson
Extra Defensemen
Normal : Fredrik Claesson, Cameron Schilling, Patrick Mullen - PP : Fredrik Claesson - PK : Cameron Schilling, Patrick Mullen
Penalty Shots
Andrew Desjardins, Brad Winchester, Brody Sutter, Pierre-Cedric Labrie, Michael Pelech

Pirates

5 vs 5 Forward 
   Center                   Left Wing                Right Wing               Time % Phy DF OF 
 1 Henrik Samuelsson        Matt Puempel             Daniel Carcillo          35     1   2  2  
 2 Johan Sundstrom          Anthony Duclair          Danny Kristo             30     1   2  2  
 3 Ryan Potulny             Kerby Rychel             Martin Frk               22     1   2  2  
 4 Matt Puempel             John Persson             Sebastian Collberg       13     1   2  2  

5 vs 5 Defense 
   Defense                  Defense                                           Time % Phy DF OF 
 1 Tim Erixon               Keith Aulie                                       35     1   2  2  
 2 Will O'Neill             Reid McNeill                                      30     1   2  2  
 3 Steve Spinell            C.J. Ludwig                                       22     1   2  2  
 4 FARM PLAYER11            Tim Erixon                                        13     1   2  2  

PowerPlay Forward 
   Center                   Left Wing                Right Wing               Time % Phy DF OF 
 1 Henrik Samuelsson        Matt Puempel             Daniel Carcillo          60     1   2  2  
 2 Johan Sundstrom          Anthony Duclair          Danny Kristo             40     1   2  2  

PowerPlay Defense
   Defense                  Defense                                           Time % Phy DF OF 
 1 Tim Erixon               Keith Aulie                                       60     1   2  2  
 2 Will O'Neill             Reid McNeill                                      40     1   2  2  

Penalty Kill 4 Players Forward 
   Center                   Wing                     Time % Phy DF OF 
 1 Matt Puempel             Daniel Carcillo          60     1   2  2  
 2 Anthony Duclair          Danny Kristo             40     1   2  2  

Penalty Kill 4 Players Defense
   Defense                  Defense                  Time % Phy DF OF 
 1 Tim Erixon               Keith Aulie              60     1   2  2  
 2 Will O'Neill             Reid McNeill             40     1   2  2  

Penalty Kill - 3 Players Forward 
   Forward                                           Time % Phy DF OF 
 1 Matt Puempel                                      60     1   2  2  
 2 Daniel Carcillo                                   40     1   2  2  

Penalty Kill - 3 Players Defense
   Defense                  Defense                  Time % Phy DF OF 
 1 Tim Erixon               Keith Aulie              60     1   2  2  
 2 Will O'Neill             Reid McNeill             40     1   2  2  

4 vs 4 Forward 
   Center                   Wing                     Time % Phy DF OF 
 1 Matt Puempel             Daniel Carcillo          60     1   2  2  
 2 Anthony Duclair          Danny Kristo             40     1   2  2  

4 vs 4 Defense
   Defense                  Defense                  Time % Phy DF OF 
 1 Tim Erixon               Keith Aulie              60     1   2  2  
 2 Will O'Neill             Reid McNeill             40     1   2  2  

Last Minutes Offensive
   Center                   Left Wing                Right Wing               Defense                  Defense                  
   Henrik Samuelsson        Matt Puempel             Daniel Carcillo          Tim Erixon               Keith Aulie              

Last Minutes Defensive
   Center                   Left Wing                Right Wing               Defense                  Defense                  
   Henrik Samuelsson        Matt Puempel             Daniel Carcillo          Tim Erixon               Keith Aulie              

Goaltenders
Starting : FARM GOALIE10            
Backup : FARM GOALIE14            

Extra Forwards
Normal : Kerby Rychel, John Persson, Martin Frk - PP : Kerby Rychel, John Persson - PK : Martin Frk
Extra Defensemen
Normal : Steve Spinell, C.J. Ludwig, FARM PLAYER11 - PP : Steve Spinell - PK : C.J. Ludwig, FARM PLAYER11
Penalty Shots
Matt Puempel, Daniel Carcillo, Anthony Duclair, Danny Kristo, Henrik Samuelsson

% Time on Ice - Admirals NSH

Lines # - Real PCT - Wanted PCT - Time Play
Normal Forward
1 - 20% - 35% - 8:33
2 - 36% - 30% - 14:54
3 - 22% - 22% - 9:25
4 - 22% - 13% - 9:01
Normal Defense
1 - 33% - 35% - 13:47
2 - 31% - 30% - 12:53
3 - 28% - 22% - 11:35
4 - 9% - 13% - 3:38
PP Forward
1 - 29% - 60% - 0:45
2 - 71% - 40% - 1:50
PP Defense
1 - 51% - 60% - 1:19
2 - 49% - 40% - 1:16
PK Forward
1 - 72% - 60% - 10:08
2 - 28% - 40% - 4:01
PK Defense
1 - 51% - 60% - 7:14
2 - 49% - 40% - 6:55
PK3 Forward
1 - 75% - 60% - 1:02
2 - 25% - 40% - 0:21
PK3 Defense
1 - 100% - 60% - 1:23
2 - 0% - 40% - 0:00
44 Forward
1 - 0% - 60%
2 - 0% - 40%
44 Defense
1 - 0% - 60%
2 - 0% - 40%
Last Minute Offensive  - 0:00
Last Minute Defensive  - 0:00
Total
Forward - 60:00
Defense - 60:00

% Time on Ice - Pirates

Lines # - Real PCT - Wanted PCT - Time Play
Normal Forward
1 - 25% - 35% - 10:24
2 - 30% - 30% - 12:44
3 - 30% - 22% - 12:33
4 - 15% - 13% - 6:12
Normal Defense
1 - 35% - 35% - 14:33
2 - 28% - 30% - 11:55
3 - 29% - 22% - 12:08
4 - 8% - 13% - 3:17
PP Forward
1 - 50% - 60% - 7:46
2 - 50% - 40% - 7:46
PP Defense
1 - 54% - 60% - 8:25
2 - 46% - 40% - 7:07
PK Forward
1 - 100% - 60% - 2:35
2 - 0% - 40% - 0:00
PK Defense
1 - 45% - 60% - 1:10
2 - 55% - 40% - 1:25
PK3 Forward
1 - 0% - 60%
2 - 0% - 40%
PK3 Defense
1 - 0% - 60%
2 - 0% - 40%
44 Forward
1 - 0% - 60%
2 - 0% - 40%
44 Defense
1 - 0% - 60%
2 - 0% - 40%
Last Minute Offensive  - 0:00
Last Minute Defensive  - 0:00
Total
Forward - 60:00
Defense - 60:00

Play by Play

1st period


0:01 of 1st period - Andrew Desjardins wins face-off versus Henrik Samuelsson in neutral zone.
0:04 of 1st period - Slapshot by Victor Bartley.
0:04 of 1st period - Deflect By Tim Erixon.
0:04 of 1st period - Goal by Victor Bartley - Admirals NSH : 1 - Pirates : 0.
0:05 of 1st period - Brody Sutter wins face-off versus Anthony Duclair in neutral zone.
1:18 of 1st period - Slapshot by Tim Gleason.
1:18 of 1st period - Shot Blocked by Matt Puempel.
1:32 of 1st period - Wade Megan is hit by Henrik Samuelsson.
2:24 of 1st period - Slapshot by Tim Erixon.
2:24 of 1st period - Shot Blocked by Fredrik Claesson.
2:50 of 1st period - Slapshot by Pierre-Cedric Labrie.
2:50 of 1st period - Stopped by FARM GOALIE10 with a rebound.
3:02 of 1st period - Slapshot by Tim Gleason.
3:02 of 1st period - Shot Misses the Net.
3:04 of 1st period - Wrist shot by Pierre-Cedric Labrie.
3:04 of 1st period - Shot Misses the Net.
3:06 of 1st period - Slapshot by Tim Gleason.
3:06 of 1st period - Deflect By Brody Sutter.
3:06 of 1st period - Stopped by FARM GOALIE10 with a rebound.
3:06 of 1st period - FARM GOALIE10 from Pirates is injured at 3:06 of 1st period (Broken Bone (Right Leg)).
3:06 of 1st period - FARM GOALIE14 enters game.
3:07 of 1st period - Andrew Desjardins wins face-off versus Matt Puempel in Pirates zone.
4:15 of 1st period - Brody Sutter is hit by Steve Spinell and loses puck.
5:28 of 1st period - Minor Penalty to Frazer McLaren for Hooking.
5:29 of 1st period - Andrew Desjardins wins face-off versus Henrik Samuelsson in Admirals NSH zone.
5:39 of 1st period - Slapshot by Henrik Samuelsson.
5:39 of 1st period - Stopped by Johan Gustafsson with a rebound.
5:41 of 1st period - Slapshot by Matt Puempel.
5:41 of 1st period - Shot Blocked by Victor Bartley.
5:45 of 1st period - Snap shot by Henrik Samuelsson.
5:45 of 1st period - Stopped by Johan Gustafsson without a rebound.
5:46 of 1st period - Henrik Samuelsson wins face-off versus Andrew Desjardins in Admirals NSH zone.
6:04 of 1st period - Minor Penalty to Brad Winchester for Cross-checking.
6:05 of 1st period - Andrew Desjardins wins face-off versus Johan Sundstrom in Admirals NSH zone.
6:18 of 1st period - Tim Gleason is hit by Keith Aulie.
7:28 of 1st period - Penalty to Frazer McLaren is over, Frazer McLaren is back on ice.
7:31 of 1st period - Snap shot by Anthony Duclair.
7:31 of 1st period - Stopped by Johan Gustafsson with a rebound.
7:56 of 1st period - Slapshot by Tim Erixon.
7:56 of 1st period - Shot Blocked by Frazer McLaren.
7:58 of 1st period - Slapshot by Henrik Samuelsson.
7:58 of 1st period - Shot Blocked by Andrew Desjardins.
8:04 of 1st period - Penalty to Brad Winchester is over, Brad Winchester is back on ice.
8:22 of 1st period - Brody Sutter is hit by Johan Sundstrom and loses puck.
9:03 of 1st period - Michael Pelech is hit by Steve Spinell and loses puck.
9:27 of 1st period - Snap shot by Brad Winchester.
9:27 of 1st period - Stopped by FARM GOALIE14 with a rebound.
10:29 of 1st period - Henrik Samuelsson is hit by Patrick Mullen and loses puck.
10:53 of 1st period - Off-side.
10:54 of 1st period - Kerby Rychel wins face-off versus Wade Megan in neutral zone.
10:59 of 1st period - Brian Lashoff is hit by Kerby Rychel and loses puck.
11:19 of 1st period - Steve Spinell is hit by Brad Winchester and loses puck.
11:49 of 1st period - Tim Gleason is hit by C.J. Ludwig and loses puck.
12:08 of 1st period - Matt Puempel is hit by Brad Winchester and loses puck.
12:33 of 1st period - Slapshot by Victor Bartley.
12:33 of 1st period - Shot Blocked by Reid McNeill.
12:35 of 1st period - Slapshot by Victor Bartley.
12:35 of 1st period - Shot Blocked by Henrik Samuelsson.
12:37 of 1st period - Snap shot by Brody Sutter.
12:37 of 1st period - Shot Misses the Net.
12:59 of 1st period - Danny Kristo is hit by Victor Bartley and loses puck.
13:24 of 1st period - Snap shot by Brad Winchester.
13:24 of 1st period - Stopped by FARM GOALIE14 with a rebound.
13:42 of 1st period - Minor Penalty to Pierre-Cedric Labrie for Hooking.
13:43 of 1st period - Andrew Desjardins wins face-off versus Johan Sundstrom in Admirals NSH zone.
13:52 of 1st period - Slapshot by Tim Erixon.
13:52 of 1st period - Deflect By Anthony Duclair.
13:52 of 1st period - Stopped by Johan Gustafsson with a rebound.
14:19 of 1st period - Off-side.
14:20 of 1st period - Henrik Samuelsson wins face-off versus Brody Sutter in neutral zone.
15:02 of 1st period - Nikita Nesterov is hit by Anthony Duclair and loses puck.
15:42 of 1st period - Penalty to Pierre-Cedric Labrie is over, Pierre-Cedric Labrie is back on ice.
16:18 of 1st period - Snap shot by Wade Megan.
16:18 of 1st period - Shot Blocked by Keith Aulie.
16:24 of 1st period - Fredrik Claesson is hit by Kerby Rychel and loses puck.
16:55 of 1st period - Sebastian Collberg is hit by Pierre-Cedric Labrie and loses puck.
17:29 of 1st period - John Persson and Brad Winchester fight to a draw.
17:29 of 1st period - Penalty to John Persson for Fighting.
17:29 of 1st period - Penalty to Brad Winchester for Fighting.
17:30 of 1st period - Allan McPherson wins face-off versus Henrik Samuelsson in neutral zone.
18:00 of 1st period - Ryan Potulny is hit by Frazer McLaren and loses puck.
18:12 of 1st period - Off-side.
18:13 of 1st period - Martin Frk wins face-off versus Brody Sutter in neutral zone.
19:04 of 1st period - Tim Erixon is hit by Wade Megan.
19:14 of 1st period - Matt Puempel is hit by Jamie Wise.
19:46 of 1st period - Wrist shot by Henrik Samuelsson.
19:46 of 1st period - Shot Misses the Net.
19:48 of 1st period - Slapshot by Henrik Samuelsson.
19:48 of 1st period - Stopped by Johan Gustafsson with a rebound.
Goals for this period are 1 for Admirals NSH vs 0 for Pirates.
Shots for this period are 5 for Admirals NSH vs 5 for Pirates.

2nd period


0:01 of 2nd period - Andrew Desjardins wins face-off versus Henrik Samuelsson in neutral zone.
0:04 of 2nd period - Keith Aulie is hit by Andrew Desjardins and loses puck.
0:49 of 2nd period - Tim Gleason is hit by Tim Erixon.
1:03 of 2nd period - Brian Lashoff is hit by Johan Sundstrom and loses puck.
1:11 of 2nd period - Icing by Nikita Nesterov.
1:12 of 2nd period - Ryan Potulny wins face-off versus Brody Sutter in Admirals NSH zone.
1:15 of 2nd period - Wrist shot by Kerby Rychel.
1:15 of 2nd period - Stopped by Johan Gustafsson with a rebound.
1:17 of 2nd period - Wrist shot by Martin Frk.
1:17 of 2nd period - Stopped by Johan Gustafsson with a rebound.
1:19 of 2nd period - Slapshot by Reid McNeill.
1:19 of 2nd period - Shot Blocked by Brody Sutter.
1:21 of 2nd period - Wrist shot by Ryan Potulny.
1:21 of 2nd period - Shot Misses the Net.
1:23 of 2nd period - Wrist shot by Kerby Rychel.
1:23 of 2nd period - Stopped by Johan Gustafsson with a rebound.
1:25 of 2nd period - Wrist shot by Kerby Rychel.
1:25 of 2nd period - Deflect By Ryan Potulny.
1:25 of 2nd period - Stopped by Johan Gustafsson without a rebound.
1:26 of 2nd period - Allan McPherson wins face-off versus Ryan Potulny in Admirals NSH zone.
1:26 of 2nd period - Allan McPherson is hit by Ryan Potulny.
2:11 of 2nd period - Danny Kristo is hit by Andrew Desjardins and loses puck.
2:20 of 2nd period - Wrist shot by Danny Kristo.
2:20 of 2nd period - Shot Blocked by Tim Gleason.
2:22 of 2nd period - Snap shot by Anthony Duclair.
2:22 of 2nd period - Stopped by Johan Gustafsson with a rebound.
2:24 of 2nd period - Slapshot by Anthony Duclair.
2:24 of 2nd period - Stopped by Johan Gustafsson with a rebound.
2:26 of 2nd period - Slapshot by Danny Kristo.
2:26 of 2nd period - Stopped by Johan Gustafsson without a rebound.
2:27 of 2nd period - Henrik Samuelsson wins face-off versus Brody Sutter in Admirals NSH zone.
2:46 of 2nd period - Minor Penalty to Pierre-Cedric Labrie for Hooking.
2:47 of 2nd period - Henrik Samuelsson wins face-off versus Andrew Desjardins in Admirals NSH zone.
2:47 of 2nd period - Slapshot by Tim Erixon.
2:47 of 2nd period - Shot Misses the Net.
3:48 of 2nd period - Slapshot by Tim Gleason.
3:48 of 2nd period - Goal by Tim Gleason - Admirals NSH : 2 - Pirates : 0.
3:49 of 2nd period - Andrew Desjardins wins face-off versus Johan Sundstrom in neutral zone.
3:53 of 2nd period - Off-side.
3:54 of 2nd period - Andrew Desjardins wins face-off versus Johan Sundstrom in neutral zone.
4:07 of 2nd period - Victor Bartley is hit by Johan Sundstrom and loses puck.
4:46 of 2nd period - Penalty to Pierre-Cedric Labrie is over, Pierre-Cedric Labrie is back on ice.
4:59 of 2nd period - Eric Faille is hit by Reid McNeill and loses puck.
5:06 of 2nd period - Slapshot by Keith Aulie.
5:06 of 2nd period - Shot Misses the Net.
5:08 of 2nd period - Snap shot by Henrik Samuelsson.
5:08 of 2nd period - Shot Misses the Net.
6:14 of 2nd period - Wrist shot by Andrew Desjardins.
6:14 of 2nd period - Shot Blocked by Sebastian Collberg.
6:16 of 2nd period - Slapshot by Patrick Mullen.
6:16 of 2nd period - Shot Misses the Net.
6:38 of 2nd period - Snap shot by Fredrik Claesson.
6:38 of 2nd period - Deflect By Anthony Duclair.
6:38 of 2nd period - Stopped by FARM GOALIE14 with a rebound.
6:40 of 2nd period - Wrist shot by Frazer McLaren.
6:40 of 2nd period - Deflect By Brad Winchester.
6:40 of 2nd period - Stopped by FARM GOALIE14 with a rebound.
6:52 of 2nd period - Snap shot by Anthony Duclair.
6:52 of 2nd period - Shot Misses the Net.
6:54 of 2nd period - Snap shot by Anthony Duclair.
6:54 of 2nd period - Stopped by Johan Gustafsson without a rebound.
6:55 of 2nd period - Henrik Samuelsson wins face-off versus Wade Megan in Admirals NSH zone.
6:59 of 2nd period - Icing by Victor Bartley.
7:00 of 2nd period - Andrew Desjardins wins face-off versus Henrik Samuelsson in Admirals NSH zone.
7:38 of 2nd period - Minor Penalty to Frazer McLaren for Holding.
7:39 of 2nd period - Johan Sundstrom wins face-off versus Allan McPherson in Admirals NSH zone.
7:40 of 2nd period - Slapshot by Tim Erixon.
7:40 of 2nd period - Shot Blocked by Brian Lashoff.
9:04 of 2nd period - Henrik Samuelsson is hit by Nikita Nesterov and loses puck.
9:19 of 2nd period - Victor Bartley is hit by Will O'Neill and loses puck.
9:38 of 2nd period - Penalty to Frazer McLaren is over, Frazer McLaren is back on ice.
9:49 of 2nd period - Allan McPherson is hit by Kerby Rychel and loses puck.
10:04 of 2nd period - Slapshot by Kerby Rychel.
10:04 of 2nd period - Shot Blocked by Cameron Schilling.
10:06 of 2nd period - Wrist shot by Kerby Rychel.
10:06 of 2nd period - Shot Misses the Net.
10:36 of 2nd period - Andrew Desjardins is hit by Sebastian Collberg and loses puck.
11:06 of 2nd period - Wrist shot by Brody Sutter.
11:06 of 2nd period - Goal by Brody Sutter - Admirals NSH : 3 - Pirates : 0.
11:07 of 2nd period - Ryan Potulny wins face-off versus Wade Megan in neutral zone.
11:30 of 2nd period - Tim Erixon is hit by Tim Gleason and loses puck.
12:03 of 2nd period - Pierre-Cedric Labrie is hit by Keith Aulie and loses puck.
12:24 of 2nd period - Snap shot by Anthony Duclair.
12:24 of 2nd period - Shot Misses the Net.
12:26 of 2nd period - Slapshot by Will O'Neill.
12:26 of 2nd period - Stopped by Johan Gustafsson with a rebound.
12:28 of 2nd period - Snap shot by Anthony Duclair.
12:28 of 2nd period - Goal by Anthony Duclair - Admirals NSH : 3 - Pirates : 1.
12:29 of 2nd period - Johan Sundstrom wins face-off versus Allan McPherson in neutral zone.
12:39 of 2nd period - Minor Penalty to Frazer McLaren for Slashing.
12:40 of 2nd period - Daniel Carcillo wins face-off versus Andrew Desjardins in Admirals NSH zone.
12:56 of 2nd period - Slapshot by Keith Aulie.
12:56 of 2nd period - Shot Misses the Net.
12:58 of 2nd period - Slapshot by Keith Aulie.
12:58 of 2nd period - Stopped by Johan Gustafsson with a rebound.
13:30 of 2nd period - Slapshot by Nikita Nesterov.
13:30 of 2nd period - Goal by Nikita Nesterov - Admirals NSH : 4 - Pirates : 1.
13:31 of 2nd period - Andrew Desjardins wins face-off versus Johan Sundstrom in neutral zone.
13:41 of 2nd period - Slapshot by Reid McNeill.
13:41 of 2nd period - Stopped by Johan Gustafsson with a rebound.
13:43 of 2nd period - Snap shot by Johan Sundstrom.
13:43 of 2nd period - Stopped by Johan Gustafsson without a rebound.
13:44 of 2nd period - Andrew Desjardins wins face-off versus Johan Sundstrom in Admirals NSH zone.
14:39 of 2nd period - Penalty to Frazer McLaren is over, Frazer McLaren is back on ice.
15:07 of 2nd period - Slapshot by Tim Erixon.
15:07 of 2nd period - Stopped by Johan Gustafsson without a rebound.
15:08 of 2nd period - Kerby Rychel wins face-off versus Allan McPherson in Admirals NSH zone.
16:02 of 2nd period - Minor Penalty to Pierre-Cedric Labrie for Hooking.
16:03 of 2nd period - Henrik Samuelsson wins face-off versus Andrew Desjardins in Admirals NSH zone.
16:18 of 2nd period - Slapshot by Tim Erixon.
16:18 of 2nd period - Deflect By Victor Bartley.
16:18 of 2nd period - Stopped by Johan Gustafsson without a rebound.
16:19 of 2nd period - Andrew Desjardins wins face-off versus Henrik Samuelsson in Admirals NSH zone.
17:22 of 2nd period - Nikita Nesterov is hit by Keith Aulie and loses puck.
17:50 of 2nd period - Wrist shot by Henrik Samuelsson.
17:50 of 2nd period - Stopped by Johan Gustafsson with a rebound.
18:02 of 2nd period - Penalty to Pierre-Cedric Labrie is over, Pierre-Cedric Labrie is back on ice.
18:12 of 2nd period - Cameron Schilling is hit by Reid McNeill and loses puck.
18:48 of 2nd period - Snap shot by Kerby Rychel.
18:48 of 2nd period - Stopped by Johan Gustafsson with a rebound.
19:39 of 2nd period - Slapshot by Nikita Nesterov.
19:39 of 2nd period - Stopped by FARM GOALIE14 with a rebound.
19:53 of 2nd period - Tim Erixon is hit by Allan McPherson and loses puck.
Goals for this period are 3 for Admirals NSH vs 1 for Pirates.
Shots for this period are 6 for Admirals NSH vs 17 for Pirates.

3rd period


0:01 of 3rd period - Henrik Samuelsson wins face-off versus Andrew Desjardins in neutral zone.
0:14 of 3rd period - Snap shot by Andrew Desjardins.
0:14 of 3rd period - Stopped by FARM GOALIE14 with a rebound.
0:26 of 3rd period - Slapshot by Andrew Desjardins.
0:26 of 3rd period - Stopped by FARM GOALIE14 with a rebound.
1:34 of 3rd period - Wrist shot by Andrew Desjardins.
1:34 of 3rd period - Shot Misses the Net.
1:36 of 3rd period - Snap shot by Jamie Wise.
1:36 of 3rd period - Stopped by FARM GOALIE14 with a rebound.
1:38 of 3rd period - Slapshot by Nikita Nesterov.
1:38 of 3rd period - Stopped by FARM GOALIE14 with a rebound.
1:40 of 3rd period - Slapshot by Nikita Nesterov.
1:40 of 3rd period - Stopped by FARM GOALIE14 with a rebound.
1:42 of 3rd period - Slapshot by Brian Lashoff.
1:42 of 3rd period - Shot Blocked by Will O'Neill.
2:18 of 3rd period - C.J. Ludwig is hit by Frazer McLaren and loses puck.
3:52 of 3rd period - Allan McPherson is hit by Tim Erixon and loses puck.
4:54 of 3rd period - Icing by Daniel Carcillo.
4:55 of 3rd period - Henrik Samuelsson wins face-off versus Eric Faille in Pirates zone.
4:55 of 3rd period - Henrik Samuelsson is hit by Fredrik Claesson.
5:01 of 3rd period - Fredrik Claesson is hit by Henrik Samuelsson and loses puck.
5:48 of 3rd period - Minor Penalty to Kerby Rychel for Hooking.
5:49 of 3rd period - Pierre-Cedric Labrie wins face-off versus Matt Puempel in Pirates zone.
5:52 of 3rd period - Snap shot by Victor Bartley.
5:52 of 3rd period - Deflect By Reid McNeill.
5:52 of 3rd period - Stopped by FARM GOALIE14 without a rebound.
5:53 of 3rd period - Brody Sutter wins face-off versus Matt Puempel in Pirates zone.
6:02 of 3rd period - Wrist shot by Brody Sutter.
6:02 of 3rd period - Shot Blocked by Will O'Neill.
6:04 of 3rd period - Slapshot by Tim Gleason.
6:04 of 3rd period - Stopped by FARM GOALIE14 with a rebound.
6:06 of 3rd period - Slapshot by Tim Gleason.
6:06 of 3rd period - Goal by Tim Gleason - Admirals NSH : 5 - Pirates : 1.
6:07 of 3rd period - Johan Sundstrom wins face-off versus Brody Sutter in neutral zone.
6:12 of 3rd period - Snap shot by Anthony Duclair.
6:12 of 3rd period - Deflect By Danny Kristo.
6:12 of 3rd period - Shot Misses the Net.
6:12 of 3rd period - Puck is out of play.
6:13 of 3rd period - Brody Sutter wins face-off versus Johan Sundstrom in Admirals NSH zone.
6:35 of 3rd period - Pierre-Cedric Labrie beats up Johan Sundstrom.
6:35 of 3rd period - Penalty to Johan Sundstrom for Fighting.
6:35 of 3rd period - Penalty to Pierre-Cedric Labrie for Fighting.
6:36 of 3rd period - Andrew Desjardins wins face-off versus Kerby Rychel in neutral zone.
7:09 of 3rd period - Minor Penalty to Michael Pelech for Hooking.
7:10 of 3rd period - Andrew Desjardins wins face-off versus Matt Puempel in Admirals NSH zone.
7:28 of 3rd period - Snap shot by Victor Bartley.
7:28 of 3rd period - Stopped by FARM GOALIE14 with a rebound.
7:41 of 3rd period - Off-side.
7:42 of 3rd period - Kerby Rychel wins face-off versus Andrew Desjardins in neutral zone.
7:45 of 3rd period - Slapshot by Anthony Duclair.
7:45 of 3rd period - Shot Misses the Net.
7:47 of 3rd period - Snap shot by Kerby Rychel.
7:47 of 3rd period - Shot Misses the Net.
8:19 of 3rd period - Wrist shot by Kerby Rychel.
8:19 of 3rd period - Stopped by Johan Gustafsson with a rebound.
8:35 of 3rd period - Slapshot by Keith Aulie.
8:35 of 3rd period - Stopped by Johan Gustafsson with a rebound.
9:01 of 3rd period - Snap shot by Victor Bartley.
9:01 of 3rd period - Stopped by FARM GOALIE14 with a rebound.
9:09 of 3rd period - Penalty to Michael Pelech is over, Michael Pelech is back on ice.
9:33 of 3rd period - Minor Penalty to C.J. Ludwig for Cross-checking.
9:34 of 3rd period - Brody Sutter wins face-off versus Matt Puempel in Pirates zone.
9:49 of 3rd period - Slapshot by Tim Gleason.
9:49 of 3rd period - Stopped by FARM GOALIE14 with a rebound.
9:51 of 3rd period - Slapshot by Victor Bartley.
9:51 of 3rd period - Goal by Victor Bartley - Admirals NSH : 6 - Pirates : 1.
9:52 of 3rd period - Kerby Rychel wins face-off versus Wade Megan in neutral zone.
9:55 of 3rd period - Snap shot by Tim Erixon.
9:55 of 3rd period - Stopped by Johan Gustafsson with a rebound.
10:05 of 3rd period - Tim Gleason is hit by Tim Erixon and loses puck.
10:11 of 3rd period - Andrew Desjardins beats up Keith Aulie.
10:11 of 3rd period - Penalty to Keith Aulie for Fighting.
10:11 of 3rd period - Penalty to Andrew Desjardins for Fighting.
10:12 of 3rd period - Kerby Rychel wins face-off versus Ben Sexton in Pirates zone.
10:47 of 3rd period - Slapshot by Tim Gleason.
10:47 of 3rd period - Shot Misses the Net.
11:24 of 3rd period - Matt Puempel is hit by Michael Pelech and loses puck.
11:44 of 3rd period - Wade Megan is hit by Martin Frk and loses puck.
11:51 of 3rd period - Snap shot by Kerby Rychel.
11:51 of 3rd period - Shot Blocked by Ben Sexton.
11:53 of 3rd period - Wrist shot by Martin Frk.
11:53 of 3rd period - Deflect By Ryan Potulny.
11:53 of 3rd period - Shot Misses the Net.
11:53 of 3rd period - Puck is out of play.
11:54 of 3rd period - Wade Megan wins face-off versus Ryan Potulny in Admirals NSH zone.
12:28 of 3rd period - Slapshot by Brian Lashoff.
12:28 of 3rd period - Stopped by FARM GOALIE14 with a rebound.
12:34 of 3rd period - Nikita Nesterov is hit by Reid McNeill and loses puck.
12:43 of 3rd period - Snap shot by Anthony Duclair.
12:43 of 3rd period - Stopped by Johan Gustafsson without a rebound.
12:44 of 3rd period - Henrik Samuelsson wins face-off versus Brody Sutter in Admirals NSH zone.
12:48 of 3rd period - Henrik Samuelsson and Pierre-Cedric Labrie fight to a draw.
12:48 of 3rd period - Penalty to Henrik Samuelsson for Fighting.
12:48 of 3rd period - Penalty to Pierre-Cedric Labrie for Fighting.
12:48 of 3rd period - Penalty to Henrik Samuelsson for instigated a fight.
12:48 of 3rd period - Penalty to Henrik Samuelsson for instigated a fight.
12:49 of 3rd period - Matt Puempel wins face-off versus Brody Sutter in Admirals NSH zone.
13:13 of 3rd period - Slapshot by Victor Bartley.
13:13 of 3rd period - Stopped by FARM GOALIE14 with a rebound.
13:15 of 3rd period - Snap shot by Tim Gleason.
13:15 of 3rd period - Stopped by FARM GOALIE14 without a rebound.
13:16 of 3rd period - Matt Puempel wins face-off versus Ben Sexton in Pirates zone.
13:29 of 3rd period - Slapshot by Nikita Nesterov.
13:29 of 3rd period - Shot Misses the Net.
13:33 of 3rd period - Slapshot by Nikita Nesterov.
13:33 of 3rd period - Shot Misses the Net.
13:39 of 3rd period - Wrist shot by Brian Lashoff.
13:39 of 3rd period - Deflect By Michael Pelech.
13:39 of 3rd period - Stopped by FARM GOALIE14 with a rebound.
13:41 of 3rd period - Slapshot by Nikita Nesterov.
13:41 of 3rd period - Stopped by FARM GOALIE14 with a rebound.
13:57 of 3rd period - Brody Sutter is hit by Tim Erixon and loses puck.
14:48 of 3rd period - Penalty to Henrik Samuelsson is over, Anthony Duclair is send on ice.
15:27 of 3rd period - Snap shot by Andrew Desjardins.
15:27 of 3rd period - Deflect By Brad Winchester.
15:27 of 3rd period - Shot Misses the Net.
15:27 of 3rd period - Puck is out of play.
15:28 of 3rd period - Johan Sundstrom wins face-off versus Andrew Desjardins in Pirates zone.
16:05 of 3rd period - Slapshot by Victor Bartley.
16:05 of 3rd period - Shot Misses the Net.
16:43 of 3rd period - Slapshot by Tim Erixon.
16:43 of 3rd period - Deflect By Andrew Desjardins.
16:43 of 3rd period - Stopped by Johan Gustafsson with a rebound.
16:45 of 3rd period - Slapshot by Keith Aulie.
16:45 of 3rd period - Shot Misses the Net.
17:14 of 3rd period - Johan Sundstrom is hit by Allan McPherson and loses puck.
17:48 of 3rd period - Off-side.
17:49 of 3rd period - Andrew Desjardins wins face-off versus Matt Puempel in neutral zone.
18:26 of 3rd period - Slapshot by Tim Gleason.
18:26 of 3rd period - Deflect By Tim Erixon.
18:26 of 3rd period - Stopped by FARM GOALIE14 with a rebound.
18:43 of 3rd period - Icing by Kerby Rychel.
18:44 of 3rd period - Kerby Rychel wins face-off versus Allan McPherson in Pirates zone.
18:44 of 3rd period - Kerby Rychel is hit by Frazer McLaren.
18:56 of 3rd period - Minor Penalty to Frazer McLaren for Tripping.
18:57 of 3rd period - Anthony Duclair wins face-off versus Andrew Desjardins in Admirals NSH zone.
19:28 of 3rd period - Tim Gleason is hit by Reid McNeill and loses puck.
19:46 of 3rd period - Tim Gleason is hit by Kerby Rychel and loses puck.
Goals for this period are 2 for Admirals NSH vs 0 for Pirates.
Shots for this period are 18 for Admirals NSH vs 5 for Pirates.